 Dungeon Crawl Stone Soup version 0.32-a0-953-g508020473e (webtiles) character file.

Game seed: 2722697789605364414

1968 spaghetti the Fighter (level 9, -2/99 HPs)
             Began as a Naga Berserker on Apr 16, 2024.
             Was a Priest of Trog.
             Slain by an ice beast (12 damage)
             ... on level 5 of the Dungeon.
             The game lasted 00:10:16 (5181 turns).

spaghetti the Fighter (Naga Berserker)              Turns: 5181, Time: 00:10:16

Health: -2/99      AC:  9    Str: 19    XL:     9   Next: 20%
Magic:  9/9        EV:  3    Int:  8    God:    Trog [***...]
Gold:   301        SH:  0    Dex: 15    Spells: 8/8 levels left

rFire   . . .        h - +2 short sword (venom)
rCold   . . .        (no shield)
rNeg    . . .        g - +0 plate armour
rPois   +            o - +0 helmet
rElec   .            (no cloak)
rCorr   .            (no gloves)
SInv    +            (no barding)
Will    +....        (no amulet) Stlth
                     (no ring)
HPRegen 0.36/turn    (no ring)
MPRegen 0.11/turn

%: no passive effects
@: on berserk cooldown, studying Fighting, very slow
A: AC +3, large, see invisible, deformed body, poison resistance, slowness 2,
spit poison 1, naga tail 1
a: Spit Poison, Renounce Religion, Berserk, Trog's Hand


You were on level 5 of the Dungeon.
You worshipped Trog.
Trog was most pleased with you.
You visited 1 branch of the dungeon, and saw 6 of its levels.

You collected 301 gold pieces.

Inventory:

Hand Weapons
 h - a +2 short sword of venom (weapon)
Armour
 a - a +0 animal skin
 g - a +0 plate armour (worn)
 o - a +0 helmet (worn)
Jewellery
 u - a ring of flight
Wands
 i - a wand of charming (11)
 t - a wand of polymorph (8)
Scrolls
 d - a scroll of identify
 e - 5 scrolls of teleportation
 j - 2 scrolls of enchant armour
 k - a scroll of amnesia
 p - a scroll of poison
 r - a scroll of immolation
Potions
 b - 5 potions of heal wounds {unknown}
 c - 2 potions of curing {unknown}
 f - a potion of degeneration {unknown}
 l - a potion of attraction {unknown}
 n - a potion of haste {unknown}
 q - a potion of enlightenment {unknown}


   Skills:
 + Level 12.3 Fighting
 - Level 1.5 Armour
 - Level 1.5 Dodging
 - Level 4.5 Unarmed Combat


You had 8 spell levels left.
You didn't know any spells.
Your spell library was empty.

Dungeon Overview and Level Annotations

Branches:
Dungeon (6/15)             Temple (0/1) D:4

Altars:
Ashenzari
Cheibriados
Makhleb
Nemelex Xobeh
Sif Muna
The Shining One

Annotations:
D:6 Jeremiah


Innate Abilities, Weirdness & Mutations

Your serpentine skin is tough. (AC +3)
You have supernaturally acute eyesight. (SInv)
Armour fits poorly on your strangely shaped body.
Your system is resistant to poisons. (rPois)
You cover ground very slowly.
You can spit poison.
You have a snake-like lower body.


Message History

The butterfly disappears in a burst of colours!
You feel the effects of Trog's Hand fading.
Jeremiah hops!
Your skin stops crawling.
You feel less strong-willed. The ice beast barely misses you.
The ice beast hits you. The ice beast freezes you!
* * * LOW HITPOINT WARNING * * *
The ice beast attacks as it pursues you!
The ice beast hits you but does no damage. x2
You feel yourself speed up.
The butterfly disappears in a burst of colours!
Jeremiah asks, "Where am I?
Why are you fighting me?" The ice beast barely misses you.
There is a stone staircase leading up here.
The ice beast hits you but does no damage.
You climb upwards.
There is a stone staircase leading down here.
Unknown command.
You're still recovering from your berserk rage.
You hit the ice beast.
The ice beast is severely wounded.
The ice beast hits you but does no damage.
You hit the ice beast.
The ice beast is severely wounded.
The ice beast hits you but does no damage.
You barely miss the ice beast.
The ice beast is severely wounded.
The ice beast hits you.
* * * LOW HITPOINT WARNING * * *
The ice beast freezes you!
* * * LOW HITPOINT WARNING * * *
You hit the ice beast.
The ice beast is almost dead.
The ice beast hits you but does no damage.
You hit the ice beast.
The ice beast is almost dead.
The ice beast hits you.
* * * LOW HITPOINT WARNING * * *
The ice beast freezes you!
You die...

#.......##....)......
#.......##.....)).###
#.......##.##.>...#
#.......#..##.....###
#....................
#.........###........
#######..##.#..........
######....Y.................
##..........@................
#..................<.#.......
#...........#####.####.####..
#...........# #.......####.
#...........#####.......##...
#............................
#.....รท.....#####.......##...
##........<## #......)##...
#.######### #.......##...


You could see an ice beast.

Vanquished Creatures
  Pikel (D:4)
  The ghost of snydleywhiplash the Chopper, an amateur MDRe (D:4)
  A water moccasin (D:6)
  An orc warrior (D:4)
  5 ogres
  Blork the orc (D:4)
  A scorpion (D:4)
  A bombardier beetle (D:5)
  A jelly (D:4)
  A gnoll bouda (D:5)
  A hound (D:5)
  Natasha (D:4)
  Terence (D:3)
  2 orc wizards
  4 iguanas
  15 gnolls
  8 adders
  2 shadow imps (D:5)
  2 ufetubi (D:5)
  A dart slug (D:2)
  3 ribbon worms
  13 orcs
  A bat (D:2)
  7 endoplasms
  3 giant cockroaches
  8 goblins
  7 hobgoblins
  A jackal (D:3)
  3 quokkas
  11 ball pythons
  4 frilled lizards
  7 kobolds
  A rat (D:1)
120 creatures vanquished.

Notes
Turn   | Place    | Note
-------+----------+-------------------------------------------
     0 | D:1      | spaghetti the Naga Berserker began the quest for the Orb.
     0 | D:1      | Reached XP level 1. HP: 21/21 MP: 1/1
    54 | D:1      | Reached XP level 2. HP: 11/28 MP: 2/2
   318 | D:1      | Reached XP level 3. HP: 33/34 MP: 3/3
   450 | D:1      | You fall into a shaft and drop 1 floor!
   580 | D:2      | Reached ** piety under Trog
   610 | D:2      | Reached XP level 4. HP: 14/42 MP: 4/4
  1051 | D:2      | Found a burning altar of Makhleb.
  1327 | D:3      | Reached skill level 4 in Fighting
  1426 | D:3      | Noticed Terence
  1437 | D:3      | Killed Terence
  1438 | D:3      | Reached XP level 5. HP: 51/51 MP: 5/5
  1777 | D:3      | Found a glowing golden altar of the Shining One.
  1892 | D:3      | Found a snail-covered altar of Cheibriados.
  2016 | D:3      | Reached skill level 5 in Fighting
  2459 | D:4      | Reached XP level 6. HP: 26/61 MP: 6/6
  2577 | D:4      | Noticed Pikel
  2594 | D:4      | Killed Pikel
  2595 | D:4      | Reached skill level 7 in Fighting
  2595 | D:4      | Reached XP level 7. HP: 22/73 MP: 7/7
  2826 | D:4      | Noticed Blork the orc
  2844 | D:4      | Killed Blork the orc
  2845 | D:4      | Reached skill level 8 in Fighting
  3105 | D:4      | Reached *** piety under Trog
  3106 | D:4      | Reached XP level 8. HP: 71/82 MP: 8/8
  3319 | D:4      | Found a staircase to the Ecumenical Temple.
  3417 | D:4      | Found a runed translucent door.
  3419 | D:4      | Noticed snydleywhiplash's ghost (amateur MDRe)
  3434 | D:4      | Killed snydleywhiplash's ghost
  3435 | D:4      | Reached skill level 9 in Fighting
  3620 | D:4      | Noticed Natasha
  3628 | D:4      | Killed Natasha
  3685 | D:5      | Entered Level 5 of the Dungeon
  3912 | D:5      | Reached skill level 10 in Fighting
  3969 | D:5      | Found a burning altar of Makhleb.
  3974 | D:5      | Found a broken altar of Ashenzari.
  4537 | D:5      | Found a shimmering blue altar of Sif Muna.
  4603 | D:5      | Identified a scroll of acquirement
  4630 | D:5      | Acquired a manual of Fighting
  4713 | D:5      | Found a sparkling altar of Nemelex Xobeh.
  4722 | D:5      | Reached skill level 11 in Fighting
  4722 | D:5      | Reached XP level 9. HP: 71/97 MP: 9/9
  5130 | D:6      | Noticed Jeremiah
  5143 | D:6      | Reached skill level 12 in Fighting
  5181 | D:5      | Slain by an ice beast

Illustrated notes

Levels and vault maps discovered:
D:1:      nicolae_arrival_memento_mori, layout_rooms, nicolae_grassy_gnolls
D:2:      layout_loops_cross, basic_altar, nicolae_the_louvre
D:3:      layout_loops_ring, marbit_many_paths, tso_oasis_becter, st_stairs_12,
          minmay_misc_feat_room, minivault_24, uniq_terence
D:4:      layout_basic, minmay_temple_entry_gardened_gates,
          ebering_ghost_inner_flame, uniq_pikel, uniq_natasha,
          uniq_blork_the_orc
D:5:      layout_basic, nemelex_dance_club_becter, lemuel_blue_sif_altar,
          mainiacjoe_overflow_big_doors
D:6:      layout_rooms, mainiacjoe_overflow_tiny_flanked, uniq_menkaure,
          uniq_jeremiah, uniq_maggie

Skill      XL: |  1  2  3  4  5  6  7  8  9 |
---------------+----------------------------+-----
Unarmed Combat | 4 |  4.5
Fighting       | 4 5 7 8 11 12 | 12.3
Armour         | |  1.5
Dodging        | |  1.5

Action                     |  1- 3 |  4- 6 |  7- 9 || total
---------------------------+-------+-------+-------++-------
  Melee: Unarmed           |    47 |       |       ||    47
         Punch             |     1 |       |       ||     1
         Short sword       |    16 |   118 |   211 ||   345
 Invoke: Berserk           |     2 |     4 |     8 ||    14
         Trog's Hand       |       |       |     1 ||     1
Ability: Spit Poison       |    15 |    20 |    21 ||    56
    Use: Scroll            |       |       |     8 ||     8
 Armour: Animal skin       |    43 |    10 |       ||    53
         Plate armour      |       |   143 |   260 ||   403
  Dodge: Dodged            |    28 |    29 |    37 ||    94

Table legend: (Time is in decaauts)
 A = Elapsed time spent in this place.
 B = Non-inter-level travel time spent in this place.
 C = Inter-level travel time spent in this place.
 D = Time resting spent in this place.
 E = Time spent auto-exploring this place.
 F = Levels seen in this place.
 G = Mean time per level.
                   A        B        C        D        E       F      G
               +--------+--------+--------+--------+--------+-----+--------+
         Total |   6261 |   6143 |    118 |    989 |   4215 |   6 | 1043.5 |
       Dungeon |   6261 |   6143 |    118 |    989 |   4215 |   6 | 1043.5 |
               +--------+--------+--------+--------+--------+-----+--------+

Top non-repeatable levels by time:
     D:5: 1545 daAuts
     D:4: 1507 daAuts
     D:3: 1460 daAuts
     D:2: 1031 daAuts
     D:1: 544 daAuts
     D:6: 172 daAuts
